3AAA
HIALEAH DODOS @ BRINKLEY BELUGAS
09/17/2019
 
TOP OF THE 1ST
Hialeah Dodos batting - Pitching for Brinkley Belugas : LHP Pedro Alejándrez
Pitching: LHP Pedro Alejándrez
Batting: LHB Jeremiah Spencer 0-0: Called Strike
0-1: Ball
1-1: Ball
2-1: Foul Ball, location: 2F
2-2: Strikes out looking
Batting: RHB Alvin Rogers 0-0: Ball
1-0: Ground out 5-3 (Groundball, 56)
Batting: RHB Ji-chol Yang 0-0: Ball
1-0: Called Strike
1-1: Ground out 5-3 (Groundball, 56)
Top of the 1st over - 0 run(s), 0 hit(s), 0 error(s), 0 left on base; Hialeah 0 - Brinkley 0
BOTTOM OF THE 1ST
Brinkley Belugas batting - Pitching for Hialeah Dodos : RHP José Guzmán
Pitching: RHP José Guzmán
Batting: RHB Dan Mendoza 0-0: SINGLE (Line Drive, 6MD)
Batting: SHB Edgar Cantú 0-0: Called Strike
0-1: Foul Ball, location: 2F
0-2: Ball
1-2: Ball
2-2: Ball
Dan Mendoza steals 2nd base
3-2: Foul Ball, location: 2F
3-2: 2-RUN HOME RUN (Flyball, 7LD), Distance : 367 ft
Batting: RHB Kyle Myers 0-0: Called Strike
0-1: Swinging Strike
0-2: Foul Ball, location: 2F
0-2: Foul Ball, location: 2F
0-2: Ball
1-2: Ball
2-2: Ball
3-2: Foul Ball, location: 2F
3-2: Strikes out looking
Batting: RHB Barry Dempsey 0-0: Ground out 4-3 (Groundball, 34)
Batting: LHB Patrick Larson 0-0: Called Strike
0-1: SINGLE (Groundball, 34)
Batting: RHB Michael Collins 0-0: Ball
1-0: SINGLE (Groundball, 34D)
Patrick Larson to second
Batting: RHB Edward Baker 0-0: Ball
1-0: Swinging Strike
1-1: Fly out, F7 (Flyball, 7M)
Bottom of the 1st over - 2 run(s), 4 hit(s), 0 error(s), 2 left on base; Hialeah 0 - Brinkley 2
TOP OF THE 2ND
Hialeah Dodos batting - Pitching for Brinkley Belugas : LHP Pedro Alejándrez
Batting: RHB Joe Andrews 0-0: Called Strike
0-1: Ball
1-1: Foul Ball, location: 2F
1-2: Ball
2-2: Foul Ball, location: 2F
2-2: Strikes out swinging
Batting: RHB Ramón Gómez 0-0: Foul Ball, location: 2F
0-1: Ball
1-1: Ball
2-1: Called Strike
2-2: Foul Ball, location: 2F
2-2: Foul Ball, location: 2F
2-2: Strikes out swinging
Batting: RHB Kelly Flint 0-0: Ball
1-0: Swinging Strike
1-1: Foul Ball, location: 2F
1-2: Ball
2-2: Ball
3-2: Fly out, F8 (Flyball, 8LXD)
Top of the 2nd over - 0 run(s), 0 hit(s), 0 error(s), 0 left on base; Hialeah 0 - Brinkley 2
BOTTOM OF THE 2ND
Brinkley Belugas batting - Pitching for Hialeah Dodos : RHP José Guzmán
Batting: LHB Arturo Acosta 0-0: Foul Ball, location: 2F
0-1: Ball
1-1: Called Strike
1-2: Ball
2-2: Strikes out looking
Batting: RHB Chad Graham 0-0: Called Strike
0-1: Fly out, F4 (Popup, 4M)
Batting: RHB Dan Mendoza 0-0: Called Strike
0-1: Called Strike
0-2: Fly out, F8 (Flyball, 8LD)
Bottom of the 2nd over - 0 run(s), 0 hit(s), 0 error(s), 0 left on base; Hialeah 0 - Brinkley 2
TOP OF THE 3RD
Hialeah Dodos batting - Pitching for Brinkley Belugas : LHP Pedro Alejándrez
Batting: RHB José Bravo 0-0: Called Strike
0-1: Ball
1-1: Fly out, F9 (Flyball, 9M)
Batting: RHB Ed Lee 0-0: Called Strike
0-1: Swinging Strike
0-2: Ball
1-2: Strikes out swinging
Batting: RHB Luis Trujillo 0-0: SINGLE (Line Drive, 7LS)
Batting: LHB Jeremiah Spencer 0-0: Ball
1-0: Swinging Strike
1-1: SINGLE (Groundball, 4MD)
Luis Trujillo to second
Batting: RHB Alvin Rogers 0-0: Fielders Choice at 2nd, U4 (Groundball, 4M)
Top of the 3rd over - 0 run(s), 2 hit(s), 0 error(s), 2 left on base; Hialeah 0 - Brinkley 2
BOTTOM OF THE 3RD
Brinkley Belugas batting - Pitching for Hialeah Dodos : RHP José Guzmán
Batting: SHB Edgar Cantú 0-0: Foul Ball, location: 2F
0-1: Ball
1-1: Called Strike
1-2: Ball
2-2: Foul Ball, location: 2F
2-2: Fly out, F7 (Flyball, 78D)
Batting: RHB Kyle Myers 0-0: Called Strike
0-1: Ball
1-1: Foul Ball, location: 2F
1-2: SINGLE (Line Drive, 89S)
Batting: RHB Barry Dempsey 0-0: Ball
1-0: Ball
2-0: Swinging Strike
2-1: Foul Ball, location: 2F
2-2: Foul Ball, location: 2F
2-2: Ball
3-2: Strikes out swinging
Batting: LHB Patrick Larson 0-0: Ball
1-0: Ball
2-0: Swinging Strike
2-1: Ball
3-1: Base on Balls
Kyle Myers to second
Batting: RHB Michael Collins 0-0: Called Strike
0-1: Foul Ball, location: 2F
0-2: Ball
1-2: Ball
2-2: Strikes out swinging
Bottom of the 3rd over - 0 run(s), 1 hit(s), 0 error(s), 2 left on base; Hialeah 0 - Brinkley 2
TOP OF THE 4TH
Hialeah Dodos batting - Pitching for Brinkley Belugas : LHP Pedro Alejándrez
Batting: RHB Ji-chol Yang 0-0: Called Strike
0-1: Ball
1-1: Fly out, F9 (Flyball, 89D)
Batting: RHB Joe Andrews 0-0: Called Strike
0-1: Ball
1-1: Foul Ball, location: 2F
1-2: Strikes out looking
Batting: RHB Ramón Gómez 0-0: Called Strike
0-1: Called Strike
0-2: Ball
1-2: Foul Ball, location: 2F
1-2: Strikes out swinging
Top of the 4th over - 0 run(s), 0 hit(s), 0 error(s), 0 left on base; Hialeah 0 - Brinkley 2
BOTTOM OF THE 4TH
Brinkley Belugas batting - Pitching for Hialeah Dodos : RHP José Guzmán
Batting: RHB Edward Baker 0-0: Ball
1-0: Foul Ball, location: 2F
1-1: Ball
2-1: Ball
3-1: Called Strike
3-2: Foul Ball, location: 2F
3-2: Foul Ball, location: 2F
3-2: Strikes out swinging
Batting: LHB Arturo Acosta 0-0: Called Strike
0-1: Swinging Strike
0-2: Ball
1-2: Strikes out swinging
Batting: RHB Chad Graham 0-0: Called Strike
0-1: Called Strike
0-2: Ground out 4-3 (Groundball, 4M)
Bottom of the 4th over - 0 run(s), 0 hit(s), 0 error(s), 0 left on base; Hialeah 0 - Brinkley 2
TOP OF THE 5TH
Hialeah Dodos batting - Pitching for Brinkley Belugas : LHP Pedro Alejándrez
Batting: RHB Kelly Flint 0-0: Ball
1-0: Swinging Strike
1-1: Foul Ball, location: 2F
1-2: Ball
2-2: Strikes out swinging
Batting: RHB José Bravo 0-0: Called Strike
0-1: SOLO HOME RUN (Flyball, 78XD), Distance : 435 ft
Batting: RHB Ed Lee 0-0: Ball
1-0: Foul Ball, location: 2F
1-1: Called Strike
1-2: Ball
2-2: Ball
3-2: Foul Ball, location: 2F
3-2: Ground out 5-3 (Groundball, 56)
Batting: RHB Luis Trujillo 0-0: Called Strike
0-1: Fly out, F6 (Popup, 6M)
Top of the 5th over - 1 run(s), 1 hit(s), 0 error(s), 0 left on base; Hialeah 1 - Brinkley 2
BOTTOM OF THE 5TH
Brinkley Belugas batting - Pitching for Hialeah Dodos : RHP José Guzmán
Batting: RHB Dan Mendoza 0-0: Ball
1-0: SINGLE (Line Drive, 4)
Batting: SHB Edgar Cantú 0-0: Ball
1-0: Sac Bunt - play at first, batter OUT! 1-4
Dan Mendoza to second
Batting: RHB Kyle Myers 0-0: Ball
1-0: Called Strike
1-1: Ball
2-1: Ball
Passed Ball!
Dan Mendoza to third
3-1: Called Strike
3-2: Foul Ball, location: 2F
3-2: Base on Balls
Batting: RHB Barry Dempsey 0-0: Ball
1-0: Fly out, F3 (Popup, 3SF)
Batting: LHB Patrick Larson 0-0: Ball
1-0: Ball
2-0: SINGLE (Groundball, 34D)
Dan Mendoza scores
Kyle Myers to second
Runner from 2nd tries for 3rd, SAFE, throw made to third
Batting: RHB Michael Collins 0-0: Ball
1-0: Foul Ball, location: 2F
1-1: Ball
2-1: Foul Ball, location: 2F
2-2: Ball
3-2: SINGLE (Flyball, 6MD)
Kyle Myers scores
Patrick Larson to second
Patrick Larson to third
Batting: RHB Edward Baker 0-0: Ball
1-0: Called Strike
1-1: Ball
2-1: SINGLE (Line Drive, 8RS)
Patrick Larson scores
Michael Collins to second
Pitching: RHP Clarence Lee
Batting: LHB Arturo Acosta 0-0: Fly out, F8 (Flyball, 8LD)
Bottom of the 5th over - 3 run(s), 4 hit(s), 0 error(s), 2 left on base; Hialeah 1 - Brinkley 5
TOP OF THE 6TH
Hialeah Dodos batting - Pitching for Brinkley Belugas : LHP Pedro Alejándrez
Batting: LHB Jeremiah Spencer 0-0: Called Strike
0-1: Ball
1-1: Fly out, F7 (Flyball, 7S)
Batting: RHB Alvin Rogers 0-0: Foul Ball, location: 2F
0-1: Swinging Strike
0-2: Strikes out looking
Batting: RHB Ji-chol Yang 0-0: Called Strike
0-1: SINGLE (Line Drive, 6MD)
Batting: RHB Joe Andrews 0-0: SINGLE (Line Drive, 4MD)
Ji-chol Yang to second
Runner from 2nd tries for 3rd, SAFE, throw made to third
Batting: RHB Ramón Gómez 0-0: Called Strike
0-1: Called Strike
0-2: Ball
1-2: Fly out, F8 (Flyball, 8LD)
Top of the 6th over - 0 run(s), 2 hit(s), 0 error(s), 2 left on base; Hialeah 1 - Brinkley 5
BOTTOM OF THE 6TH
Brinkley Belugas batting - Pitching for Hialeah Dodos : RHP Clarence Lee
Batting: RHB Chad Graham 0-0: Called Strike
0-1: Ball
1-1: Called Strike
1-2: Ball
2-2: Foul Ball, location: 2F
2-2: SINGLE (Line Drive, 34)
Batting: RHB Dan Mendoza 0-0: Ball
1-0: DOUBLE (Line Drive, 9LS)
Chad Graham to third
Batting: SHB Edgar Cantú 0-0: Called Strike
0-1: Fly out, F7 (Flyball, 7LM)
Runner from 3rd tags up, SCORES, throw made
Batting: RHB Kyle Myers 0-0: Ball
1-0: Ball
2-0: Ball
3-0: Foul Ball, location: 2F
3-1: Base on Balls
Dan Mendoza steals 3rd base
Batting: RHB Barry Dempsey 0-0: Foul Ball, location: 2F
0-1: Foul Ball, location: 2F
0-2: Strikes out looking
Batting: LHB Patrick Larson 0-0: SINGLE (Line Drive, 34)
Dan Mendoza scores
Kyle Myers to second
Pitching: RHP Claudio Cruz
Batting: RHB Michael Collins 0-0: Foul Ball, location: 2F
0-1: SINGLE (Line Drive, 6D)
Kyle Myers to third
Patrick Larson to second
Runner from 3rd tries for Home, SAFE, throw made home
Patrick Larson to third
Michael Collins to second
Batting: RHB Edward Baker 0-0: Called Strike
0-1: Ball
1-1: Swinging Strike
1-2: Ball
Wild Pitch!
Patrick Larson scores
Michael Collins to third
2-2: Ball
3-2: Foul Ball, location: 2F
3-2: Foul Ball, location: 2F
3-2: Base on Balls
Batting: LHB Arturo Acosta 0-0: Called Strike
0-1: Called Strike
0-2: Ball
1-2: Ball
2-2: Foul Ball, location: 2F
2-2: Fly out, F8 (Flyball, 8LD)
Bottom of the 6th over - 4 run(s), 4 hit(s), 0 error(s), 2 left on base; Hialeah 1 - Brinkley 9
TOP OF THE 7TH
Hialeah Dodos batting - Pitching for Brinkley Belugas : LHP Pedro Alejándrez
Batting: RHB Kelly Flint 0-0: Called Strike
0-1: Ball
1-1: Foul Ball, location: 2F
1-2: Ground out 6-3 (Groundball, 6S)
Batting: RHB José Bravo 0-0: Ground out 1-3 (Groundball, 15)
Batting: RHB Ed Lee 0-0: Foul Ball, location: 2F
0-1: Called Strike
0-2: Ball
1-2: Strikes out swinging
Top of the 7th over - 0 run(s), 0 hit(s), 0 error(s), 0 left on base; Hialeah 1 - Brinkley 9
BOTTOM OF THE 7TH
Brinkley Belugas batting - Pitching for Hialeah Dodos : RHP Claudio Cruz
Batting: RHB Chad Graham 0-0: Foul Ball, location: 2F
0-1: Fly out, F2 (Popup, 23F)
Batting: RHB Dan Mendoza 0-0: Called Strike
0-1: Ground out 5-3 (Groundball, 56)
Batting: SHB Edgar Cantú 0-0: Ball
1-0: Ground out 6-3 (Groundball, 6)
Bottom of the 7th over - 0 run(s), 0 hit(s), 0 error(s), 0 left on base; Hialeah 1 - Brinkley 9
TOP OF THE 8TH
Hialeah Dodos batting - Pitching for Brinkley Belugas : LHP Pedro Alejándrez
Batting: RHB Luis Trujillo 0-0: Ball
1-0: Ball
2-0: Called Strike
2-1: Ball
3-1: Fly out, F8 (Flyball, 8LM)
Batting: LHB Jeremiah Spencer 0-0: Called Strike
0-1: Ball
1-1: Ball
2-1: Ball
3-1: Swinging Strike
3-2: Base on Balls
Batting: RHB Alvin Rogers 0-0: Called Strike
0-1: Fly out, F9 (Popup, 89S)
Batting: RHB Ji-chol Yang 0-0: Ball
1-0: Called Strike
1-1: Ball
2-1: Foul Ball, location: 2F
2-2: Strikes out looking
Top of the 8th over - 0 run(s), 0 hit(s), 0 error(s), 1 left on base; Hialeah 1 - Brinkley 9
BOTTOM OF THE 8TH
Brinkley Belugas batting - Pitching for Hialeah Dodos : RHP Claudio Cruz
Batting: RHB Kyle Myers 0-0: Ground out 5-3 (Groundball, 56S)
Batting: RHB Barry Dempsey 0-0: Ball
1-0: Foul Ball, location: 2F
1-1: Ball
2-1: Ball
3-1: Fly out, F4 (Popup, 34D)
Batting: LHB Patrick Larson 0-0: Ball
1-0: Ball
2-0: Ball
3-0: Base on Balls
Batting: RHB Michael Collins 0-0: Ball
1-0: Foul Ball, location: 2F
1-1: Ball
2-1: Swinging Strike
2-2: Foul Ball, location: 2F
2-2: Ball
3-2: Base on Balls
Patrick Larson to second
Batting: RHB Edward Baker 0-0: Called Strike
0-1: Fly out, F7 (Flyball, 7S)
Bottom of the 8th over - 0 run(s), 0 hit(s), 0 error(s), 2 left on base; Hialeah 1 - Brinkley 9
TOP OF THE 9TH
Hialeah Dodos batting - Pitching for Brinkley Belugas : LHP Pedro Alejándrez
Batting: RHB Joe Andrews 0-0: Called Strike
0-1: SINGLE (Line Drive, 7LM)
Pitching: RHP Melvin González
Batting: RHB Ramón Gómez 0-0: Ball
1-0: Called Strike
1-1: Fly out, F8 (Flyball, 8RM)
Batting: RHB Kelly Flint 0-0: Called Strike
0-1: Foul Ball, location: 2F
0-2: Ball
1-2: Strikes out swinging
Batting: RHB José Bravo 0-0: Foul Ball, location: 2F
0-1: Ball
1-1: Ball
2-1: Ball
3-1: Foul Ball, location: 2F
3-2: Strikes out swinging
Top of the 9th over - 0 run(s), 1 hit(s), 0 error(s), 1 left on base; Hialeah 1 - Brinkley 9
This league is powered by Out of the Park Baseball, the baseball management simulation game for PC, Mac and Linux
Saturday, July 25th, 2015 - OOTP Baseball 15.6 Build 34